 Dungeon Crawl Stone Soup version 0.26.0-10-g1f06aea511 (webtiles) character file.

Game seed: 14974262155268921356

249 Dracia the Spear-Bearer (level 6, -3/44 HPs)
             Began as a Merfolk Gladiator on Jan 22, 2021.
             Slain by an orc warrior
             ... wielding a +0 mace
              (12 damage)
             ... on level 3 of the Dungeon.
             The game lasted 00:05:41 (2790 turns).

Dracia the Spear-Bearer (Merfolk Gladiator)         Turns: 2790, Time: 00:05:42

Health: -3/44      AC: 19    Str: 15    XL:     6   Next: 12%
Magic:  0/6        EV: 12    Int:  9    God:
Gold:   150        SH:  0    Dex: 15    Spells: 5/5 levels left

rFire    + . .     SeeInvis +   u - +0 trident (protect)
rCold    x . .     Faith    .   (no shield)
rNeg     . . .     Spirit   +   j - +2 ring mail {rPois}
rPois    +         Reflect  .   c - +0 helmet
rElec    .         Harm     .   q - +0 cloak
rCorr    .         Rampage  .   (no gloves)
Will     .....                  w - +2 pair of boots
Stlth    +.........             G - amulet of guardian spirit
HPRegen  0.14/turn              v - ring of see invisible
MPRegen  0.10/turn              F - ring of fire

@: protection aura
A: change form in water, swift swim, stealthy swim
a: no special abilities


You were on level 3 of the Dungeon.
You visited 1 branch of the dungeon, and saw 4 of its levels.

You collected 150 gold pieces.


   Skills:
 - Level 2.1 Fighting
 + Level 9.6 Polearms
 - Level 2.0 Throwing
 - Level 4.0 Dodging


You had 5 spell levels left.
You didn't know any spells.
Your spell library was empty.

Inventory:

Hand Weapons
 a - a +1 trident
 u - a +0 trident of protection (weapon)
Missiles
 d - 3 throwing nets (quivered) {=f=f}
 g - 3 curare-tipped darts {=f=f}
 n - 3 poisoned darts
Armour
 b - a +0 leather armour
 c - a +0 helmet (worn)
 f - a scarf of invisibility
 j - a +2 ring mail of poison resistance (worn)
 q - a +0 cloak (worn)
 w - a +2 pair of boots (worn)
Jewellery
 v - a ring of see invisible (left hand)
 F - a ring of fire (right hand)
 G - an amulet of guardian spirit (around neck)
Scrolls
 h - a scroll of blinking
 m - 2 scrolls of remove curse {@r2@r2}
Potions
 e - 3 potions of lignification
 i - a potion of haste {unknown}
 k - a potion of berserk rage {!q!q}
 l - a potion of degeneration {unknown}
 o - 3 potions of curing {@q1@q1}
 r - a potion of heal wounds {unknown}
 x - a potion of brilliance {unknown}
 z - a potion of attraction {unknown}

Dungeon Overview and Level Annotations

Branches:
Dungeon (4/15)
 Temple: D:4-7

Altars:
Cheibriados
Dithmenos
Yredelemnul

################
#..@o..........#####
#####
#.####.#####.#.....#
#..)# #.# #.#
#.#####.# #...#
####.####.#####.#
#.# #...#
#............##.#
#.# ##)##
#.......#.##.##>#
#.# ♣♣.♣
####......##.##.#
#.# ♣.♣♣
#......##.##.## #.#
♣♣.♣ #.....###.....#
#>#


You could see an orc warrior.


Message History

The jackal misses you.
You see here a jackal corpse.
You puncture the jackal!
You kill the jackal!
You hit the orc warrior.
The orc warrior is moderately wounded.
The orc warrior hits you with a +0 mace!
* * * LOW HITPOINT WARNING * * *
You hit the orc warrior but do no damage.
The orc warrior is moderately wounded.
You hit the orc warrior but do no damage.
The orc warrior is moderately wounded.
The orc warrior barely misses you.
You hit the orc warrior.
The orc warrior is moderately wounded.
The orc warrior barely misses you.
You hit the orc warrior.
The orc warrior is heavily wounded.
You closely miss the orc warrior.
The orc warrior is heavily wounded.
The orc warrior misses you.
You closely miss the orc warrior.
The orc warrior is heavily wounded.
The orc warrior hits you but does no damage.
You hit the orc warrior but do no damage.
The orc warrior is heavily wounded.
You hit the orc warrior.
The orc warrior is severely wounded.
The orc warrior hits you with a +0 mace!
You die...

Skill      XL: |  1  2  3  4  5 |
---------------+----------------+-----
Polearms       | 5 6 8 9 |  9.6
Fighting       | |  2.1
Throwing       | |  2.0
Dodging        | |  4.0

Action                   |  1- 3 |  4- 6 || total
-------------------------+-------+-------++-------
Melee: Trident           |   131 |   114 ||   245
  Use: Scroll            |     4 |     6 ||    10
 Stab: Sleeping          |     1 |       ||     1
Armor: Leather armour    |    13 |       ||    13
       Ring mail         |    18 |    42 ||    60
Dodge: Dodged            |    58 |    57 ||   115

Levels and vault maps discovered:
D:1:      minmay_arrival_five_plusses, layout_basic, minmay_split_cup_large
D:2:      layout_basic, marbit_many_paths, lemuel_zombie_altar_yredelemnul,
          minmay_small_reverse_x
D:3:      layout_loops_ring, lemuel_crystal_altar, uniq_crazy_yiuf_cottage
D:4:      layout_rooms, minmay_temple_entry_junction

Notes
Turn   | Place    | Note
-------+----------+-------------------------------------------
     0 | D:1      | Dracia the Merfolk Gladiator began the quest for the Orb.
     0 | D:1      | Reached XP level 1. HP: 16/16 MP: 1/1
    35 | D:1      | Reached skill level 5 in Polearms
    37 | D:1      | Reached XP level 2. HP: 17/22 MP: 2/2
   322 | D:1      | Reached skill level 6 in Polearms
   322 | D:1      | Reached XP level 3. HP: 27/27 MP: 3/3
  1385 | D:2      | Noticed a necrophage
  1393 | D:2      | Killed a necrophage
  1394 | D:2      | Reached skill level 8 in Polearms
  1394 | D:2      | Reached XP level 4. HP: 29/33 MP: 4/4
  1394 | D:2      | Reached XP level 5. HP: 33/38 MP: 5/5
  1682 | D:2      | Reached skill level 9 in Polearms
  1809 | D:2      | Found a basalt altar of Yredelemnul.
  1946 | D:2      | Found a snail-covered altar of Cheibriados.
  2051 | D:3      | Found a shadowy altar of Dithmenos.
  2216 | D:3      | Found a runed translucent door.
  2217 | D:3      | Noticed Crazy Yiuf
  2279 | D:3      | Killed Crazy Yiuf
  2280 | D:3      | Reached XP level 6. HP: 31/44 MP: 3/6
  2766 | D:4      | Noticed an orc warrior
  2790 | D:3      | Slain by an orc warrior

Vanquished Creatures
  A necrophage (D:2)
  Crazy Yiuf (D:3)
  7 adders
  A worm (D:2)
  2 leopard geckos (D:1)
  2 orcs (D:3)
  3 bats (D:1)
  6 giant cockroaches
  5 goblins
  6 hobgoblins
  12 jackals
  7 kobolds
  10 frilled lizards
  2 gnoll zombies (D:2)
  12 rats
77 creatures vanquished.

Table legend: (Time is in decaauts)
 A = Elapsed time spent in this place.
 B = Non-inter-level travel time spent in this place.
 C = Inter-level travel time spent in this place.
 D = Time resting spent in this place.
 E = Time spent auto-exploring this place.
 F = Levels seen in this place.
 G = Mean time per level.
                   A        B        C        D        E       F      G
               +--------+--------+--------+--------+--------+-----+--------+
         Total |   2771 |   2644 |    127 |     86 |   2098 |   4 |  692.8 |
       Dungeon |   2771 |   2644 |    127 |     86 |   2098 |   4 |  692.8 |
               +--------+--------+--------+--------+--------+-----+--------+

Top non-repeatable levels by time:
     D:1: 1046 daAuts
     D:2: 955 daAuts
     D:3: 761 daAuts
     D:4: 7 daAuts

Table legend:
 A = Non-vault XP
 B = Vault XP
 C = Vault XP percentage of total XP
 D = Non-vault monster count
 E = Vault monster count
 F = Vault count percentage of total count
                 A         B        C        D         E       F
            +---------+---------+-------+---------+---------+-------
      Total |     288 |      68 |  19.1 |      65 |      12 |  15.6
            +---------+---------+-------+---------+---------+-------
        D:1 |      49 |       7 |  12.5 |      28 |       4 |  12.5
        D:2 |     200 |      21 |   9.5 |      21 |       7 |  25.0
        D:3 |      39 |      40 |  50.6 |      16 |       1 |   5.9
            +---------+---------+-------+---------+---------+-------
